 Dungeon Crawl Stone Soup version 0.23-a0-586-gacb4b3f (webtiles) character file.

71 inc the Conjurer (level 4, 18/18 HPs)
             Began as a Felid Fire Elementalist on Dec 18, 2018.
             Quit the game on level 3 of the Dungeon.
             The game lasted 00:03:51 (2653 turns).

inc the Conjurer (Felid Fire Elementalist)          Turns: 2653, Time: 00:03:51

Health: 18/18      AC:  1    Str:  4    XL:     4   Next: 5%
Magic:  8/8        EV: 18    Int: 18    God:
Gold:   179        SH:  0    Dex: 16    Spells: 6/7 levels left
                                        Lives:  0   Deaths: 1

rFire    . . .     SeeInvis +   (weapon unavailable)
rCold    . . .     Gourm    .   (shield unavailable)
rNeg     . . .     Faith    .   (armour unavailable)
rPois    .         Spirit   .   (helmet unavailable)
rElec    .         Reflect  .   (cloak unavailable)
rCorr    .         Harm     .   (gloves unavailable)
MR       .....                  (boots unavailable)
Stlth    +++.......             (no amulet)
HPRegen  0.06/turn              (no ring)
MPRegen  0.11/turn              (no ring)

@: quick
A: very small, no armour, no weapons or thrown items, stealth, claws 1, fangs 3,
see invisible, carnivore, speed 1, shaggy fur 1, slow metabolism 1, sharp paws
a: no special abilities


You were on level 3 of the Dungeon.
You were not hungry.

You visited 1 branch of the dungeon, and saw 3 of its levels.

You collected 179 gold pieces.

Inventory:

Scrolls
 d - 2 scrolls of amnesia {unknown}
 e - a scroll of teleportation {unknown}
 g - a scroll of remove curse {unknown}
Potions
 a - a potion of degeneration {unknown}
 c - 3 potions of heal wounds {unknown}
 f - 2 potions of flight {unknown}
 h - a potion of curing {unknown}
Comestibles
 b - 5 rations


   Skills:
 - Level 2.6 Dodging
 - Level 2.6 Stealth
 - Level 2.0 Spellcasting
 + Level 3.7 Conjurations
 + Level 3.6 Fire Magic


You had 6 spell levels left.
You knew the following spells:

 Your Spells              Type           Power        Failure   Level  Hunger
a - Flame Tongue          Conj/Fire      ###..        4%          1    #......

Your spell library contained the following spells:

 Spells                   Type           Power        Failure   Level  Hunger
 Throw Flame              Conj/Fire      ###...       6%          2    ###....
 Conjure Flame            Conj/Fire      ###.....     12%         3    ###....
 Inner Flame              Hex/Fire       #.......     26%         3    ###....
 Sticky Flame             Conj/Fire      ###.....     36%         4    #####..
 Fireball                 Conj/Fire      ###.......   73%         5    ######.


Dungeon Overview and Level Annotations

Branches:
Dungeon (3/15)

Altars:
Sif Muna

Annotations:
D:3 1 runed door, Thaneod's ghost, amateur DEIE


Innate Abilities, Weirdness & Mutations

You cannot wear armour.
You are incapable of wielding weapons or throwing items.
Your paws allow you to move quietly. (Stealth)
You have sharp claws.
You have razor-sharp teeth.
You have supernaturally acute eyesight. (SInv)
You are carnivorous and can eat meat at any time.
You cover ground quickly.
You are covered in fur. (AC +1)
You have a slow metabolism.
Your sharp claws are effective at attacking unaware monsters.


Message History

Press: ? - help, Shift-Dir - straight line, f/p - orc warrior
Aim: an orc warrior, wielding a +0 halberd and wearing a +0 chain mail The flame tongue hits the orc warrior.
The orc warrior is lightly wounded.
The orc warrior hits you from afar with a +0 halberd!
Ouch! That really hurt!
Casting: Flame Tongue (safe; 4% risk of failure)
Confirm with . or Enter, or press ? or * to list all spells.
Aiming: Flame Tongue (safe; 4% risk of failure)
Press: ? - help, Shift-Dir - straight line, f/p - orc warrior
Aim: an orc warrior, wielding a +0 halberd and wearing a +0 chain mail (lightly The flame tongue hits the orc warrior.
The orc warrior is moderately wounded.
The orc warrior hits you from afar with a +0 halberd!!
Ouch! That really hurt!
You die...
You are now level 4!
You rejoin the land of the living...
Found a scroll labeled ZUROUF CASCHE, 27 stones and a cloak.
Are you sure you want to abandon this character and quit the game? (Confirm

.........
.........
.........
........#
........######.
.............[.
...(...........
.......@...?...
###+####.......
#######


There were no monsters in sight!

Vanquished Creatures
  3 adders
  4 gnolls (D:3)
  An ooze (D:1)
  2 dart slugs (D:1)
  2 leopard geckos
  An orc (D:3)
  2 ball pythons
  5 giant cockroaches
  10 goblins
  8 hobgoblins
  3 jackals (D:2)
  A quokka (D:3)
  5 bats
  3 frilled lizards
  6 kobolds
  8 rats
64 creatures vanquished.

Notes
Turn   | Place    | Note
-------+----------+-------------------------------------------
     0 | D:1      | inc the Felid Fire Elementalist began the quest for the
                  | Orb.
     0 | D:1      | Reached XP level 1. HP: 7/7 MP: 4/4
    68 | D:1      | Reached skill level 1 in Conjurations
   421 | D:1      | Reached XP level 2. HP: 6/11 MP: 1/6
   908 | D:1      | Reached XP level 3. HP: 14/14 MP: 5/7
  1701 | D:2      | Reached XP level 4. HP: 18/18 MP: 4/8
  2092 | D:3      | Found a deep blue altar of Sif Muna.
  2256 | D:3      | Found a runed door.
  2288 | D:3      | Noticed Thaneod's ghost (amateur DEIE)
  2545 | D:3      | Reached XP level 5. HP: 21/21 MP: 0/9
  2646 | D:3      | Noticed an orc warrior
  2652 | D:3      | Mangled by an orc warrior
  2653 | D:3      | Reached XP level 4. HP: -11/18 MP: 5/8
  2653 | D:3      | Quit the game

Vault maps used:
D:1:      dpeg_arrival_snail
D:2:      minmay_misc_feat_tiny, corexii_hall_statues_i
D:3:      lemuel_doored_altar, ebering_ghost_sewer_d, first_ration,
          grunt_decor_one_mirror

Skill      XL: |  1  2  3 |
---------------+----------+-----
Conjurations   | 2 3 |  3.7
Fire Magic     | 3 |  3.6
Dodging        | |  2.6
Stealth        | |  2.6
Spellcasting   | |  2.0

Action                   |  1- 3 |  4- 6 || total
-------------------------+-------+-------++-------
Melee: Unarmed           |     6 |     1 ||     7
 Cast: Flame Tongue      |    69 |    55 ||   124
  Eat: Chunk             |     3 |     2 ||     5
Armor: Skin              |     5 |       ||     5
Dodge: Dodged            |    21 |    14 ||    35

Table legend:
 A = Non-vault XP
 B = Vault XP
 C = Vault XP percentage of total XP
 D = Non-vault monster count
 E = Vault monster count
 F = Vault count percentage of total count
                 A         B        C        D         E       F
            +---------+---------+-------+---------+---------+-------
      Total |     206 |       0 |   0.0 |      64 |       0 |   0.0
            +---------+---------+-------+---------+---------+-------
        D:1 |      54 |       0 |   0.0 |      25 |       0 |   0.0
        D:2 |      58 |       0 |   0.0 |      21 |       0 |   0.0
        D:3 |      94 |       0 |   0.0 |      18 |       0 |   0.0
            +---------+---------+-------+---------+---------+-------
